[Event "SixDays Budapest IM-A 10-2024"]
[Site "Budapest"]
[Date "2024.10.03"]
[Round "6.5"]
[White "Polyik, Peter"]
[Black "Zia, Tahsin Tajwar"]
[Result "1/2-1/2"]
[ECO "A14"]
[WhiteElo "2304"]
[BlackElo "2255"]
[Annotator "RC"]
[PlyCount "36"]
[EventDate "2024.09.24"]
[EventType "tourn"]
[EventCountry "HUN"]
[SourceTitle "playchess.com"]
[Source "ChessBase"]
[SourceQuality "1"]
[TimeControl "5400+30"]

1. c4 Nf6 2. g3 e6 3. Bg2 d5 4. Nf3 Be7 5. O-O O-O 6. b3 b6 7. Nc3 Bb7 8. d4 c5 9. cxd5 Nxd5 10. Nxd5 Qxd5 11. dxc5 Bxc5 12. Bb2 Na6 13. Qxd5 Bxd5 14. Ne5 Bxg2 15. Kxg2 f6 16. Nd7 Rfd8 17. Nxc5 Nxc5 18. Rfd1 e5 1/2-1/2

[Event "SixDays Budapest IM-A 10-2024"]
[Site "Budapest"]
[Date "2024.10.04"]
[Round "7.1"]
[White "Valkova, Angelika"]
[Black "Pavan Karthikeya Varma Gunturi"]
[Result "1/2-1/2"]
[ECO "E28"]
[WhiteElo "2068"]
[BlackElo "2056"]
[Annotator "RC"]
[PlyCount "64"]
[EventDate "2024.09.24"]
[EventType "tourn"]
[EventCountry "HUN"]
[SourceTitle "playchess.com"]
[Source "ChessBase"]
[SourceQuality "1"]
[TimeControl "5400+30"]

1. d4 Nf6 2. c4 e6 3. Nc3 Bb4 4. e3 O-O 5. a3 Bxc3+ 6. bxc3 d6 7. Ne2 b6 8. Ng3 Bb7 9. f3 Nbd7 10. e4 e5 11. Bd3 Re8 12. O-O Nf8 13. Be3 Ng6 14. Qd2 c5 15. a4 a5 16. Rfd1 Re6 17. Nf5 Qc7 18. d5 Ree8 19. Bh6 Nh5 20. g4 Ngf4 21. gxh5 gxh6 22. Kh1 Kh8 23. Rg1 Qd8 24. Nxh6 Qf6 25. Ng4 Qh4 26. Rab1 Rg8 27. Nh6 Qxh5 28. Ng4 Qh4 29. Rxb6 Bc8 30. Ne3 Rxg1+ 31. Kxg1 Nxd3 32. Qxd3 Bh3 1/2-1/2

[Event "SixDays Budapest IM-A 10-2024"]
[Site "Budapest"]
[Date "2024.10.04"]
[Round "7.2"]
[White "Zia, Tahsin Tajwar"]
[Black "Kwon, Sehyun"]
[Result "1/2-1/2"]
[ECO "E06"]
[WhiteElo "2255"]
[BlackElo "2248"]
[Annotator "RC"]
[PlyCount "136"]
[EventDate "2024.09.24"]
[EventType "tourn"]
[EventCountry "HUN"]
[SourceTitle "playchess.com"]
[Source "ChessBase"]
[SourceQuality "1"]
[TimeControl "5400+30"]

1. d4 d5 2. c4 e6 3. Nf3 Nf6 4. g3 Be7 5. Bg2 O-O 6. Nc3 dxc4 7. Ne5 c5 8. dxc5 Qxd1+ 9. Nxd1 Bxc5 10. O-O Nd5 11. Nxc4 Nc6 12. e4 Nb6 13. Be3 Bxe3 14. Ncxe3 Bd7 15. f4 Rac8 16. e5 Rc7 17. Nc3 Ne7 18. Rad1 Bc6 19. Rd6 Nec8 20. Rd2 Na4 21. Nxa4 Bxa4 22. b3 Bb5 23. Rfd1 h5 24. Kf2 Ne7 25. h3 g6 26. g4 hxg4 27. hxg4 Kg7 28. a4 Bc6 29. Bxc6 Nxc6 30. Rd7 Rfc8 31. Nc4 Ne7 32. Rxc7 Rxc7 33. Rd8 Nc6 34. Ra8 Rd7 35. Nd6 Rd8 36. Rxd8 Nxd8 37. Ke3 b6 38. b4 g5 39. b5 gxf4+ 40. Kxf4 Kg6 41. Ke4 Kg5 42. Kf3 Kh6 43. Kg3 Kg5 44. Kf3 Kh6 45. Ke3 Kg5 46. Nc8 Nb7 47. Nxa7 Nc5 48. Nc8 Nxa4 49. Kd4 Kxg4 50. Kc4 Kf4 51. Kb4 Nb2 52. Kc3 Na4+ 53. Kb4 Nb2 54. Nxb6 Nd3+ 55. Kc4 Nxe5+ 56. Kc5 Nd3+ 57. Kd6 Nb2 58. Nd7 Na4 59. Ne5 f6 60. Nd3+ Ke3 61. Nc5 Nb6 62. Nxe6 f5 63. Kc5 Na4+ 64. Kb4 Nb6 65. Kc5 Na4+ 66. Kc6 f4 67. Nxf4 Kxf4 68. b6 Nxb6 1/2-1/2

[Event "SixDays Budapest IM-A 10-2024"]
[Site "Budapest"]
[Date "2024.10.04"]
[Round "7.3"]
[White "Li, Xueyi"]
[Black "Polyik, Peter"]
[Result "1/2-1/2"]
[ECO "A50"]
[WhiteElo "2187"]
[BlackElo "2304"]
[Annotator "RC"]
[PlyCount "133"]
[EventDate "2024.09.24"]
[EventType "tourn"]
[EventCountry "HUN"]
[SourceTitle "playchess.com"]
[Source "ChessBase"]
[SourceQuality "1"]
[TimeControl "5400+30"]

1. d4 Nf6 2. c4 b6 3. Nf3 Bb7 4. Bf4 e6 5. e3 Bb4+ 6. Nfd2 O-O 7. a3 Be7 8. Nc3 d6 9. e4 Nbd7 10. Bg3 e5 11. d5 g6 12. Be2 Ne8 13. O-O Kh8 14. b4 f5 15. exf5 gxf5 16. f4 e4 17. Nb3 Ng7 18. Rc1 a6 19. Nd4 Qe8 20. Ne6 Nxe6 21. Bh5 Qd8 22. dxe6 Nf6 23. Bf7 c6 24. Bf2 c5 25. h3 Qc8 26. Qb3 Bc6 27. Nd5 Bxd5 28. cxd5 Rb8 29. Bh4 Rxf7 30. exf7 Kg7 31. Rc2 Kxf7 32. Rb1 Nd7 33. Bxe7 Kxe7 34. Qg3 Kf7 35. Kh2 Nf6 36. bxc5 bxc5 37. Rxb8 Qxb8 38. Rc3 Qb7 39. Qg5 Qxd5 40. Rg3 Ke6 41. Qh6 Qc6 42. Rg8 Qd7 43. Rg7 Qc6 44. Ra7 e3 45. Qg7 Qe8 46. Qg3 Kd5 47. Rxa6 Qe4 48. Rb6 e2 49. Qe1 Qxf4+ 50. g3 Qe3 51. Rb2 Ne4 52. Rxe2 Qxa3 53. Qd1+ Ke5 54. Rg2 d5 55. Qh5 c4 56. Qe8+ Kd4 57. Qh8+ Kd3 58. Qxh7 c3 59. Qxf5 Kc4 60. h4 Qb3 61. Qf1+ Kb4 62. h5 Nd2 63. Qf8+ Kc4 64. Qc8+ Kb4 65. Qf8+ Kc4 66. Qc8+ Kb4 67. Qf8+ 1/2-1/2

[Event "SixDays Budapest IM-A 10-2024"]
[Site "Budapest"]
[Date "2024.10.04"]
[Round "7.4"]
[White "Chubakov, Sultan"]
[Black "Kustar, Sandor"]
[Result "1/2-1/2"]
[ECO "D93"]
[WhiteElo "2265"]
[BlackElo "2252"]
[Annotator "RC"]
[PlyCount "65"]
[EventDate "2024.09.24"]
[EventType "tourn"]
[EventCountry "HUN"]
[SourceTitle "playchess.com"]
[Source "ChessBase"]
[SourceQuality "1"]
[TimeControl "5400+30"]

1. d4 Nf6 2. c4 g6 3. Nc3 d5 4. Bf4 Bg7 5. e3 O-O 6. Nf3 c5 7. dxc5 Qa5 8. Rc1 dxc4 9. Bxc4 Qxc5 10. Bb3 Nc6 11. O-O Qa5 12. h3 Bf5 13. Qe2 e5 14. Bh2 Rad8 15. Rfd1 e4 16. Nd4 Nxd4 17. Rxd4 Rxd4 18. exd4 Rd8 19. d5 Re8 20. Qb5 Qxb5 21. Nxb5 Bh6 22. Re1 Rd8 23. g4 Bd7 24. Nd6 Bd2 25. Re2 Bb4 26. Nxb7 Rc8 27. a3 Rc1+ 28. Kg2 Bb5 29. Rc2 Bf1+ 30. Kg3 Rxc2 31. Bxc2 Bd2 32. h4 h6 33. g5 1/2-1/2

[Event "SixDays Budapest IM-A 10-2024"]
[Site "Budapest"]
[Date "2024.10.04"]
[Round "7.5"]
[White "Krishna C R G"]
[Black "Pribelszky, Bence Daniel"]
[Result "1-0"]
[ECO "A40"]
[WhiteElo "2425"]
[BlackElo "2408"]
[Annotator "TA"]
[PlyCount "103"]
[EventDate "2024.09.24"]
[EventType "tourn"]
[EventCountry "HUN"]
[SourceTitle "playchess.com"]
[Source "ChessBase"]
[SourceQuality "1"]
[TimeControl "5400+30"]

1. d4 Nf6 2. c4 e6 3. g3 Bb4+ 4. Nd2 c5 5. a3 Bxd2+ 6. Qxd2 cxd4 7. Nf3 d5 8. Bg2 dxc4 {[%emt 0:01:41] ...Nc6 would now be deadly.} 9. Qxd4 Qd5 {[%emt 0:14:48] The position is equal.} 10. O-O {[%emt 0:04:02][%mdl 1024] White has compensation.} Nc6 11. Qc3 O-O 12. Bf4 Qc5 13. Be3 {[%emt 0:05:19] This pair of bishops is nice.} Qh5 14. Qxc4 Ng4 {[%emt 0:00:13] aiming for ...Nce5.} 15. Qc3 Nxe3 16. Qxe3 e5 17. Rac1 Bh3 18. Bxh3 Qxh3 19. Nxe5 Rae8 20. Rc5 Re6 $1 {[%emt 0:02:44] White must now prevent ...Nxe5.} 21. Qf4 Nxe5 $1 22. Rxe5 Rh6 $1 23. g4 Rg6 24. f3 h5 25. Rg5 Rxg5 26. Qxg5 hxg4 $1 27. fxg4 $11 {[%emt 0:04:21][%mdl 4096] Endgame. KQR-KQR} Qb3 $1 28. Qe5 Rd8 (28... Qb6+ $11 29. Rf2 Qc6) 29. Rf3 $14 Qd1+ 30. Kf2 Qd7 31. Rd3 {[%emt 0:05:55] White is more active.} Qc8 32. Rxd8+ Qxd8 $16 {[%emt 0:00:02] KQ-KQ} 33. Ke3 (33. Kg3 $16) 33... g6 34. g5 (34. h3 $16) 34... a6 $11 35. h4 Qd7 36. Qd4 Qh3+ 37. Kd2 Qg2 38. Qd8+ Kg7 39. Qf6+ Kg8 40. Qf3 Qh2 41. Qxb7 Qxh4 42. Qb8+ Kh7 43. Qe5 Qa4 44. Kc3 Kg8 {[%emt 0:00:49] [#]} ({Black should try} 44... a5) 45. e4 ({Better is} 45. e3 $1) 45... Qd1 {[%emt 0:00:34] [#]} (45... Kh7 $16) 46. Kb4 $1 $18 Qd2+ 47. Ka4 Kh7 $2 {[%emt 0:00:35] A mistake that costs the game.} (47... Qd8 $16 48. Qd5 Qc7) 48. Qd5 Qxb2 (48... Qc2+ $18 49. Ka5 Qc7+ 50. Kxa6 Qc8+ 51. Ka5 Qc7+ 52. Kb4 Kg8) 49. Qxf7+ {[%emt 0:00:08] White mates.} Kh8 50. Qf8+ (50. Qxg6 $2 Qb5#) ({Weaker is} 50. Qf6+ Qxf6 51. gxf6 g5 $18) 50... Kh7 51. Qh6+ Kg8 52. Qxg6+ {[%emt 0:00:03] Weighted Error Value: White=0.09 (flawless) /Black=0.40.  Loses game:     	---       	Black=1      Mistake:       	White=3     	Black=4      Inaccurate:     	White=2     	Black=4      OK:         	White=15    	Black=12     Best:        	White=5     	Black=5      Strong:       	White=1     	Black=5} 1-0

[Event "SixDays Budapest IM-A 10-2024"]
[Site "Budapest"]
[Date "2024.10.04"]
[Round "8.1"]
[White "Valkova, Angelika"]
[Black "Zia, Tahsin Tajwar"]
[Result "0-1"]
[ECO "A57"]
[WhiteElo "2068"]
[BlackElo "2255"]
[Annotator "RC"]
[PlyCount "60"]
[EventDate "2024.09.24"]
[EventType "tourn"]
[EventCountry "HUN"]
[SourceTitle "playchess.com"]
[Source "ChessBase"]
[SourceQuality "1"]
[TimeControl "5400+30"]

1. d4 Nf6 2. c4 c5 3. d5 b5 4. Qc2 b4 5. e4 d6 6. a3 a5 7. axb4 cxb4 8. c5 dxc5 9. Be3 e6 10. Nd2 exd5 11. exd5 Bd6 12. Nc4 O-O 13. Nxd6 Qxd6 14. Qxc5 Qxc5 15. Bxc5 Re8+ 16. Kd1 Nxd5 17. Bc4 Be6 18. Bxd5 Bxd5 19. f3 Bb3+ 20. Kd2 Nc6 21. Rf1 Ne5 22. Ne2 Rac8 23. Nd4 Rxc5 24. Nxb3 Rd5+ 25. Kc2 a4 26. Nc1 Nc4 27. Rf2 b3+ 28. Kc3 Ne3 29. Re2 Rc8+ 30. Kb4 Rc4+ 0-1

[Event "SixDays Budapest IM-A 10-2024"]
[Site "Budapest"]
[Date "2024.10.04"]
[Round "8.2"]
[White "Pavan Karthikeya Varma Gunturi"]
[Black "Pribelszky, Bence Daniel"]
[Result "0-1"]
[ECO "B48"]
[WhiteElo "2056"]
[BlackElo "2408"]
[Annotator "RC"]
[PlyCount "84"]
[EventDate "2024.09.24"]
[EventType "tourn"]
[EventCountry "HUN"]
[SourceTitle "playchess.com"]
[Source "ChessBase"]
[SourceQuality "1"]
[TimeControl "5400+30"]

1. e4 c5 2. Nf3 e6 3. d4 cxd4 4. Nxd4 Nc6 5. Nc3 Qc7 6. Be3 Nf6 7. Be2 a6 8. O-O Bb4 9. f3 O-O 10. Nxc6 bxc6 11. Na4 Rb8 12. c4 Bd6 13. g3 c5 14. Qd2 Be7 15. Rfd1 d6 16. Rab1 Bb7 17. a3 h5 18. b4 h4 19. bxc5 dxc5 20. e5 Rfd8 21. Qc3 Rxd1+ 22. Rxd1 Ng4 23. Bf4 g5 24. Be3 hxg3 25. hxg3 Nxe5 26. Kf2 Bf6 27. Qc2 Bc6 28. Nxc5 Rb2 29. Qc1 Nxf3 30. Nd3 Rxe2+ 31. Kxe2 Qxg3 32. Rf1 Qg4 33. Kf2 Qh4+ 34. Ke2 Qh5 35. Rf2 Bd8 36. Nb4 Be4 37. c5 Bc7 38. c6 Nd4+ 39. Ke1 Qh1+ 40. Rf1 Bg3+ 41. Bf2 Bxf2+ 42. Kxf2 Qf3+ 0-1

[Event "SixDays Budapest IM-A 10-2024"]
[Site "Budapest"]
[Date "2024.10.04"]
[Round "8.3"]
[White "Kustar, Sandor"]
[Black "Krishna C R G"]
[Result "1/2-1/2"]
[ECO "A04"]
[WhiteElo "2252"]
[BlackElo "2425"]
[Annotator "TA"]
[PlyCount "35"]
[EventDate "2024.09.24"]
[EventType "tourn"]
[EventCountry "HUN"]
[SourceTitle "playchess.com"]
[Source "ChessBase"]
[SourceQuality "1"]
[TimeControl "5400+30"]

1. Nf3 d6 2. d4 f5 3. c3 Nf6 4. Qb3 e6 5. g3 g6 6. Bg2 c6 7. c4 Bg7 8. Nc3 h6 9. O-O O-O 10. Rd1 d5 11. Ne5 Kh7 12. Qc2 {[%emt 0:01:54] White is much more active. The black rooks are passive.} Nbd7 13. f4 Ne8 14. b3 Ndf6 15. Ba3 Nd6 16. Bxd6 Qxd6 17. c5 Qc7 18. b4 {[%emt 0:00:08] Weighted Error Value: White=0.11 (very precise) /Black=0.13 (very precise) .  Inaccurate:     	White=4     	Black=3      OK:         	White=6     	Black=5} 1/2-1/2

[Event "SixDays Budapest IM-A 10-2024"]
[Site "Budapest"]
[Date "2024.10.04"]
[Round "8.4"]
[White "Polyik, Peter"]
[Black "Chubakov, Sultan"]
[Result "1-0"]
[ECO "B41"]
[WhiteElo "2304"]
[BlackElo "2265"]
[Annotator "RC"]
[PlyCount "119"]
[EventDate "2024.09.24"]
[EventType "tourn"]
[EventCountry "HUN"]
[SourceTitle "playchess.com"]
[Source "ChessBase"]
[SourceQuality "1"]
[TimeControl "5400+30"]

1. e4 c5 2. Nf3 e6 3. d4 cxd4 4. Nxd4 a6 5. Be2 Nf6 6. Nc3 Qc7 7. Qd3 Nc6 8. Nxc6 bxc6 9. Qg3 Qxg3 10. hxg3 d5 11. g4 Bb4 12. Bd2 O-O 13. f3 a5 14. g5 Nd7 15. exd5 cxd5 16. Bd3 g6 17. O-O-O f6 18. gxf6 Nxf6 19. Rde1 Nh5 20. Ne2 Bxd2+ 21. Kxd2 Nf4 22. Nxf4 Rxf4 23. Re3 Bd7 24. g3 Rb4 25. b3 Rb6 26. Re2 Ra7 27. Reh2 Be8 28. f4 a4 29. Kc3 h5 30. g4 axb3 31. axb3 Kf8 32. Kd4 Ke7 33. Rg1 Rb4+ 34. Ke3 Kf6 35. gxh5 gxh5 36. Rhg2 e5 37. fxe5+ Kxe5 38. Kd2 Kd6 39. Bg6 Re7 40. Bd3 Re5 41. Ra1 Rb7 42. Ra6+ Kc7 43. Rh6 Kb8 44. Rg8 Rbe7 45. Bb5 Kc7 46. Bxe8 Rxe8 47. Rxe8 Rxe8 48. Rxh5 Kc6 49. Kd3 Rg8 50. Rh3 Kc5 51. Kc3 Rg4 52. Rd3 Rg5 53. b4+ Kc6 54. Kb3 Rg1 55. Rc3+ Kb6 56. Rh3 Rg5 57. Rh6+ Kb5 58. Rd6 Rg3+ 59. c3 Rg5 60. Rxd5+ 1-0

[Event "SixDays Budapest IM-A 10-2024"]
[Site "Budapest"]
[Date "2024.10.04"]
[Round "8.5"]
[White "Kwon, Sehyun"]
[Black "Li, Xueyi"]
[Result "1-0"]
[ECO "B12"]
[WhiteElo "2248"]
[BlackElo "2187"]
[Annotator "RC"]
[PlyCount "97"]
[EventDate "2024.09.24"]
[EventType "tourn"]
[EventCountry "HUN"]
[SourceTitle "playchess.com"]
[Source "ChessBase"]
[SourceQuality "1"]
[TimeControl "5400+30"]

1. e4 c6 2. d4 d5 3. e5 Bf5 4. h4 a6 5. h5 h6 6. g4 Bd7 7. f4 c5 8. c3 e6 9. Be3 Qb6 10. Qd2 Nc6 11. Nf3 cxd4 12. cxd4 Bb4 13. Nc3 Na5 14. Bd3 Bb5 15. O-O Bxd3 16. Qxd3 Nc4 17. Bc1 Bxc3 18. Qxc3 Ne7 19. b3 Na5 20. Ba3 Nac6 21. Bc5 Qd8 22. Rf2 Qd7 23. Qd3 f5 24. exf6 gxf6 25. Rg2 O-O-O 26. b4 Kb8 27. a4 Na7 28. b5 a5 29. Qc3 Nec8 30. Qxa5 Rhg8 31. Nh4 e5 32. f5 exd4 33. Bxd4 Qd6 34. Qc3 Rgf8 35. Bc5 Qc7 36. Qd4 Rfe8 37. Bxa7+ Nxa7 38. b6 Qc6 39. bxa7+ Ka8 40. a5 Re4 41. Qb6 Rd7 42. Qxc6 bxc6 43. Rc1 Rd6 44. Kh2 d4 45. Nf3 d3 46. Kg3 Re3 47. Rd2 Kxa7 48. Rc3 Ka6 49. Kf2 1-0

[Event "SixDays Budapest IM-A 10-2024"]
[Site "Budapest"]
[Date "2024.10.05"]
[Round "9.1"]
[White "Li, Xueyi"]
[Black "Valkova, Angelika"]
[Result "1-0"]
[ECO "D30"]
[WhiteElo "2187"]
[BlackElo "2068"]
[Annotator "RC"]
[PlyCount "69"]
[EventDate "2024.09.24"]
[EventType "tourn"]
[EventCountry "HUN"]
[SourceTitle "playchess.com"]
[Source "ChessBase"]
[SourceQuality "1"]
[TimeControl "5400+30"]

1. d4 d5 2. c4 e6 3. Nf3 a6 4. cxd5 exd5 5. Nc3 Nf6 6. Bg5 Be6 7. Qb3 Nbd7 8. e3 Bd6 9. Bd3 O-O 10. Qc2 Qb8 11. O-O c6 12. Bh4 Bg4 13. Bg3 Bxf3 14. gxf3 c5 15. dxc5 Nxc5 16. Rad1 d4 17. exd4 Nxd3 18. Qxd3 Nh5 19. Ne4 Nf4 20. Qd2 Nh3+ 21. Kg2 Nf4+ 22. Kh1 Bc7 23. d5 f5 24. d6 fxe4 25. Bxf4 Ba5 26. Qd5+ Kh8 27. Bg3 e3 28. fxe3 b5 29. e4 Qc8 30. Be5 Bb6 31. Bxg7+ Kxg7 32. Rg1+ Bxg1 33. Rxg1+ Kf6 34. Qg5+ Kf7 35. Qe7# 1-0